 Dungeon Crawl Stone Soup version 0.30-a0-585-g93115170b9 (webtiles) character file.

Game seed: 15244945318083427531

63 OTABOTABOTAB the Insei (level 4, -9/28 HPs)
             Began as an Octopode Transmuter on Jan 2, 2023.
             Mangled by Terence
             ... wielding a +0 morningstar
              (14 damage)
             ... on level 2 of the Dungeon.
             The game lasted 00:02:21 (1560 turns).

OTABOTABOTAB the Insei (Octopode Transmuter)        Turns: 1560, Time: 00:02:22

Health: -9/28      AC:  1    Str:  9    XL:     4   Next: 10%
Magic:  7/7        EV: 13    Int: 17    God:
Gold:   166        SH:  0    Dex: 12    Spells: 3/7 levels left

rFire   . . .      SeeInvis .      - Unarmed
rCold   . . .      Faith    .    (no shield)
rNeg    . . .      Spirit   .    (helmet currently unavailable)
rPois   .          Reflect  .    (no amulet)
rElec   .          Harm     .    (no ring)
rCorr   .          Rampage  .    (no ring)
Will    .....                    (no ring)
Stlth   ++                       (no ring)
HPRegen 0.24/turn                (no ring)
MPRegen 0.10/turn                (no ring)
                                 (no ring)
                                 (no ring)

@: appendages (expiring)
A: tentacle spike 3, almost no armour, amphibious, 8 rings, camouflage 1,
gelatinous body 1, (nimble swimmer 1), tentacles
a: End Transformation


You were on level 2 of the Dungeon.
One of your tentacles had grown a beastly spike.
You visited 1 branch of the dungeon, and saw 2 of its levels.

You collected 166 gold pieces.

Inventory:

Missiles
 d - 4 boomerangs
Scrolls
 a - a scroll of torment {unknown}
Potions
 b - a potion of mutation {unknown}
 c - a potion of cancellation {unknown}
 P - a potion of lignification {!q}


   Skills:
 - Level 1.6 Fighting
 - Level 2.4 Dodging
 - Level 3.6 Unarmed Combat
 - Level 2.0 Spellcasting
 + Level 2.5 Transmutations
 + Level 1.7 Poison Magic


You had 3 spell levels left.
You knew the following spells:

 Your Spells              Type           Power      Damage    Failure   Level
a - Beastly Appendage     Tmut           20%        N/A       7%          1
c - Spider Form           Tmut/Pois      9%         N/A       24%         3

Your spell library contained the following spells:

 Spells                   Type           Power      Damage    Failure   Level
 Wereblood                Tmut           10%        N/A       11%         2
 Shock                    Conj/Air       4%         1d3       19%         1
 Summon Guardian Golem    Hex/Summ       1%         N/A       50%         3
 Swiftness                Air            1%         N/A       50%         3
 Ice Form                 Ice/Tmut       6%         N/A       75%         4
 Airstrike                Air            0%         2d(1-17)  88%         4
 Orb of Destruction       Conj           0%         9d5       100%        7
 Spellforged Servitor     Conj/Summ      0%         N/A       100%        7


Dungeon Overview and Level Annotations

Branches:
Dungeon (2/15)

Altars:

Annotations:
D:2 Terence


Innate Abilities, Weirdness & Mutations

One of your tentacles has grown a beastly spike.
You cannot wear most types of armour.
You are amphibious.
You can wear up to eight rings at the same time.
Your skin changes colour to match your surroundings (Stealth+).
Your rubbery body absorbs attacks. (AC +1, EV +1)
((You are camouflaged when in or above water. (Stealth+)))
You have tentacles for arms and can constrict up to eight enemies at once.


Message History

A jackal is nearby!
You throw a stone. The jackal barks!
The stone hits the jackal but does no damage.
You hear a bark!
One of your tentacles grows a vicious spike.
You now have 5/6 mp.
Unknown command.
You throw a stone. The stone misses the jackal.
A jackal comes into view.
You tentacle-slap the jackal. You grab the jackal.
You pierce the jackal.
You kill the jackal!
You throw a stone.
The stone hits the jackal but does no damage.
Unknown command.
You throw a stone.
The stone hits the jackal but does no damage.
You throw a stone. The stone barely misses the jackal.
The jackal closely misses you.
You barely miss the jackal. Your grab misses the jackal.
You pierce the jackal.
Your squeeze misses the jackal.
Your transformation is almost over.
The jackal bites you.
You take 2 damage, and have 21/23 hp.
You closely miss the jackal. You grab the jackal. You constrict the jackal.
You kill the jackal!
No target in view!
No target in view!
Your tentacle spike disappears.
You see here a jackal corpse.
A frilled lizard comes into view.
The frilled lizard moves out of view.
Health restored: 23; MP restored: 6 A ball python comes into view.
A ball python is nearby!
A ball python is nearby!
An adder comes into view.
One of your tentacles grows a vicious spike.
The adder hisses angrily.
The ball python hisses angrily.
You now have 5/6 mp.
Terence the Incautious comes into view.
He is wielding a +0 morningstar.
Terence shouts!
The frilled lizard hisses angrily.
The ball python closely misses you. The ball python grabs you.
The ball python constricts you.
You take 1 damage, and have 22/23 hp.
You tentacle-slap the ball python.
You kill the ball python!
Health restored: 23 You tentacle-slap the adder.
Your grab misses the adder.
Your tentacle-slap misses the adder.
The adder closely misses you.
You barely miss the adder. Your grab misses the adder.
You pierce the adder.
You squeeze the adder, but do no damage.
The adder bites you. The adder barely misses you.
You take 4 damage, and have 19/23 hp.
You miss the adder. Your grab misses the adder. Your squeeze misses the adder.
The adder completely misses you.
Unknown command.
You tentacle-slap the adder. Your grab misses the adder.
Your tentacle spike misses the adder.
The adder bites you.
You take 1 damage, and have 18/23 hp.
You barely miss the adder. Your grab misses the adder. You squeeze the adder.
The adder bites you.
You closely miss the adder. Your grab misses the adder.
Your tentacle spike misses the adder.
The adder bites you.
You are poisoned.
The adder poisons you! The adder barely misses you.
Terence says, "Don't bother to defend, it's senseless."
You take 4 damage, and have 14/23 hp.
MP restored: 6 You closely miss the adder.
Your grab misses the adder.
You feel sick. The adder bites you.
Terence says, "Time to say good-bye..."
You take 5 damage, and have 9/23 hp.
MASSIVE DAMAGE!!
You tentacle-slap the adder. Your grab misses the adder.
Your tentacle spike misses the adder.
Your squeeze misses the adder.
Your transformation is almost over.
You feel sick. The adder bites you.
* * * LOW HITPOINT WARNING * * *
You take 3 damage, and have 6/23 hp.
You closely miss the adder. You grab the adder.
You pierce the adder, but do no damage.
You squeeze the adder.
You kill the adder!
You feel sick.
You have reached level 4!
MP restored: 7 You feel sick.
You take 1 damage, and have 6/28 hp.
You tentacle-slap Terence but do no damage.
Your grab misses Terence.
Your tentacle spike misses Terence.
You feel sick. Terence barely misses you.
You take 1 damage, and have 5/28 hp.
You closely miss Terence. You grab Terence.
You constrict Terence, but do no damage.
You feel sick.
You are no longer poisoned.
Terence hits you with a +0 morningstar!
Ouch! That really hurt!
You die...

#.#.. #.....# #.# #..
#.....# #.. #...... ..#
#.....###.# #.......#.#
######.......#.# ##
....##.......#.###..#...
..#.##.....†....@@l.....
..#.##..........######..
..#.#####'#.....#
........#.#.###.#
...####.#.#.# #.# ...#
#.#.#.# #.# ...# #.#.#.#
#.# ...# #.#.#.# #.#
...# #.#.#


You could see Terence and a frilled lizard.

Vanquished Creatures
  2 adders (D:2)
  A worm (D:2)
  A dart slug (D:1)
  8 ball pythons
  2 bats (D:2)
  4 endoplasms
  2 goblins (D:1)
  4 hobgoblins
  4 jackals (D:2)
  4 kobolds
  3 frilled lizards
  3 rats
38 creatures vanquished.

Notes
Turn   | Place    | Note
-------+----------+-------------------------------------------
     0 | D:1      | OTABOTABOTAB the Octopode Transmuter began the quest for
                  | the Orb.
     0 | D:1      | Reached XP level 1. HP: 13/13 MP: 3/3
   204 | D:1      | HP: 3/13 [kobold/+0 short sword (2)]
   208 | D:1      | Reached XP level 2. HP: 4/18 MP: 3/5
   534 | D:1      | Found a faded altar of an unknown god.
  1097 | D:2      | Reached XP level 3. HP: 23/23 MP: 4/6
  1167 | D:2      | Learned a level 3 spell: Spider Form
  1298 | D:2      | Reached skill level 1 in Poison Magic
  1379 | D:2      | HP: 1/23 [worm (10)]
  1546 | D:2      | Noticed Terence
  1558 | D:2      | Reached XP level 4. HP: 7/28 MP: 7/7
  1558 | D:2      | HP: 6/28 [poisoned by an adder]
  1560 | D:2      | Mangled by Terence

Illustrated notes

Levels and vault maps discovered:
D:1:      psy_arrival_statuary, layout_basic, dreamdust_ecumenical_altar_grove
D:2:      layout_basic, basic_altar, minmay_quantized, uniq_terence

Skill      XL: |  1  2  3 |
---------------+----------+-----
Poison Magic   | 1 |  1.7
Fighting       | |  1.6
Dodging        | |  2.4
Unarmed Combat | |  3.6
Spellcasting   | |  2.0
Transmutations | |  2.5

Action                   |  1- 3 |  4- 6 || total
-------------------------+-------+-------++-------
Melee: Unarmed           |    87 |     2 ||    89
       Kick              |    27 |       ||    27
       Constrict         |    25 |     1 ||    26
       Tentacles         |    18 |       ||    18
       Punch             |     1 |       ||     1
Throw: Stone             |    24 |       ||    24
 Cast: Beastly Appendage |    23 |       ||    23
 Abil: End Transformatio |    20 |       ||    20
 Stab: Sleeping          |     1 |       ||     1
Armor: Skin              |     7 |       ||     7
Dodge: Dodged            |    41 |     1 ||    42

Table legend: (Time is in decaauts)
 A = Elapsed time spent in this place.
 B = Non-inter-level travel time spent in this place.
 C = Inter-level travel time spent in this place.
 D = Time resting spent in this place.
 E = Time spent auto-exploring this place.
 F = Levels seen in this place.
 G = Mean time per level.
                   A        B        C        D        E       F      G
               +--------+--------+--------+--------+--------+-----+--------+
         Total |   1557 |   1491 |     66 |     92 |   1167 |   2 |  778.5 |
       Dungeon |   1557 |   1491 |     66 |     92 |   1167 |   2 |  778.5 |
               +--------+--------+--------+--------+--------+-----+--------+

Top non-repeatable levels by time:
     D:1: 1000 daAuts
     D:2: 556 daAuts

Table legend:
 A = Kills in this place as a percentage of kills in entire the game.
 B = Kills by you in this place as a percentage of kills by you in the entire game.
 C = Kills by friends in this place as a percentage of kills by friends in the entire game.
 D = Other kills in this place as a percentage of other kills in the entire game.
 E = Experience gained in this place as a percentage of experience gained in the entire game.
 F = Experience gained in this place divided by the number of levels of this place that you have seen.
                   A       B       C       D       E      F
               +-------+-------+-------+-------+-------+----------------------
         Total | 100.0 | 100.0 |   N/A |   N/A | 100.0 |  45.5
       Dungeon | 100.0 | 100.0 |   N/A |   N/A | 100.0 |  45.5
               +-------+-------+-------+-------+-------+----------------------
